 Dungeon Crawl Stone Soup version 0.28-a0-991-g956f0ee3d5 (console) character file.

Game seed: 11378445636822810411

1748 petzl the Sneak (level 9, -5/58 HPs)
             Began as an Octopode Arcane Marksman on Dec 4, 2021.
             Was an Initiate of Vehumet.
             Killed from afar by a steam dragon (21 damage)
             ... with a ball of steam
             ... on level 7 of the Dungeon.
             The game lasted 00:28:03 (9080 turns).

petzl the Sneak (Octopode Arcane Marksman)          Turns: 9080, Time: 00:28:03

Health: -5/58      AC:  1    Str: 10    XL:     9   Next: 6%
Magic:  14/14      EV: 14    Int: 19    God:    Vehumet [......]
Gold:   302        SH:  6    Dex: 12    Spells: 13/15 levels left

rFire   . . .      SeeInvis .   b - +2 dagger (venom) {!f =f}
rCold   . . .      Faith    .   t - +2 buckler
rNeg    . . .      Spirit   .   (helmet restricted)
rPois   .          Reflect  .   (no amulet)
rElec   .          Harm     .   (no ring)
rCorr   .          Rampage  .   (no ring)
Will    .....                   (no ring)
Stlth   ++++......              (no ring)
HPRegen 0.19/turn               (no ring)
MPRegen 0.14/turn               (no ring)
                                (no ring)
                                (no ring)

@: no status effects
A: almost no armour, amphibious, 8 rings, camouflage 1, gelatinous body 1,
(nimble swimmer 1), tentacles
a: Renounce Religion


You were on level 7 of the Dungeon.
You worshipped Vehumet.
Vehumet was noncommittal.
You visited 2 branches of the dungeon, and saw 9 of its levels.

You collected 302 gold pieces.

Inventory:

Hand Weapons
 a - a +0 vorpal hand crossbow
 b - a +2 dagger of venom (weapon) {!f =f}
 c - the +4 long sword of the Shrike {vorpal, rF+ rCorr Int+4 Dex+4}
   (You found it on level 6 of the Dungeon)

   It inflicts extra damage upon your enemies.
   Int:       It affects your intelligence (+4).
   Dex:       It affects your dexterity (+4).
   rF:        It protects you from fire.
   rCorr:     It protects you from acid and corrosion.
 o - a +2 flail of venom
 x - a +4 flail
Missiles
 n - 10 javelins (quivered)
 s - 13 poisoned darts
 D - 49 bolts
Armour
 t - a +2 buckler (worn)
Magical Staves
 k - a staff of cold
Wands
 u - a wand of digging (6)
 y - a wand of iceblast (4)
 C - a wand of paralysis (2)
Scrolls
 e - 2 scrolls of silence
 g - a scroll of teleportation
 i - a scroll of summoning {unknown}
 j - a scroll of magic mapping
 l - a scroll of torment
 m - a scroll of fear
 w - a scroll of holy word
 B - a scroll of blinking
 E - a scroll of fog {unknown}
Potions
 d - a potion of cancellation {unknown}
 f - 2 potions of brilliance
 h - 3 potions of curing
 p - a potion of magic {unknown}
 q - a potion of haste {unknown}
 r - a potion of degeneration {unknown}
 v - a potion of lignification {unknown}
 z - a potion of heal wounds {unknown}
 A - a potion of might {unknown}


   Skills:
 + Level 4.1 Fighting
 - Level 4.0 Crossbows
 - Level 4.0 Dodging
 * Level 6.4 Stealth
 * Level 3.4 Shields
 + Level 3.8 Spellcasting
 * Level 3.2 Conjurations
 - Level 3.0 Hexes
 + Level 2.2 Ice Magic
 + Level 2.1 Air Magic
 + Level 2.4 Evocations


You had 13 spell levels left.
You knew the following spells:

 Your Spells              Type           Power      Damage    Failure   Level
a - Slow                  Hex            60%        N/A       4%          1
b - Shock                 Conj/Air       56%        1d6       4%          1

Your spell library contained the following spells:

 Spells                   Type           Power      Damage    Failure   Level
 Sandblast                Erth           6%         2d5       16%         1
 Magic Dart               Conj           64%        1d6       3%          1
 Searing Ray              Conj           32%        2d5       6%          2
 Animate Skeleton         Necr           6%         N/A       16%         1
 Pain                     Necr           12%        1d4       16%         1
 Swiftness                Air            11%        N/A       19%         3
 Inner Flame              Hex/Fire       9%         N/A       24%         3
 Portal Projectile        Hex/Tloc       18%        N/A       24%         3
 Fulminant Prism          Conj/Hex       7%         3d7       38%         4
 Vampiric Draining        Necr           3%         2d6       41%         3
 Cause Fear               Hex            7%         N/A       41%         4
 Airstrike                Air            5%         N/A       52%         4
 Summon Ice Beast         Ice/Summ       7%         N/A       67%         4
 Summon Mana Viper        Hex/Summ       9%         N/A       92%         5
 Monstrous Menagerie      Summ           1%         N/A       100%        7


Dungeon Overview and Level Annotations

Branches:
Dungeon (8/15)             Temple (1/1) D:4
   Lair: D:8-11

Altars:
Ashenzari
Cheibriados
Elyvilon
Fedhas
Gozag
Makhleb
Nemelex Xobeh
Okawaru
Uskayaw
Vehumet
Wu Jian
Xom
Zin

Annotations:
D:3 2 runed translucent doors, timneilson's ghost, amateur OgFi
D:4 exclusion: upstairs
D:6 exclusion: downstairs
D:7 exclusions: 4 killer bees and troll


Innate Abilities, Weirdness & Mutations

You cannot wear most types of armour.
You are amphibious.
You can wear up to eight rings at the same time.
Your skin changes colour to match your surroundings (Stealth+).
Your rubbery body absorbs attacks. (AC +1, EV +1)
((You are camouflaged near water. (Stealth+)))
You have tentacles for arms and can constrict up to eight enemies at once.


Message History

Aim: a wight, wielding a +0 scimitar, wearing a +0 leather armour and carrying a wand of mindburst (4) (heavily damaged, slow, 65% to hit)
You shoot a bolt. The bolt hits the wight.
The wight is almost destroyed.
You feel clever.
You feel agile.
c - the +4 long sword of the Shrike (weapon)
{vorpal, rF+ rCorr Int+4 Dex+4} You hit the wight but do no damage.
You grab the wight.
The wight is almost destroyed.
You constrict the wight, but do no damage.
You block the wight's attack.
You slash the wight!
You destroy the wight!
Vehumet accepts your kill.
Your +2 dagger of venom {!f =f} begins to drip with poison!
b - a +2 dagger of venom (weapon)
{!f =f} The steam dragon breathes steam at you.
The ball of steam misses you.
You hear a shout!
You hit the steam dragon.
The steam dragon is poisoned.
Your squeeze misses the steam dragon.
The steam dragon is lightly wounded.
You are engulfed in a cloud of scalding steam.
You closely miss the steam dragon.
The steam dragon is lightly wounded.
You are engulfed in a cloud of scalding steam.
The steam dragon barely misses you. The steam dragon claws you.
You hit the steam dragon.
The steam dragon looks as sick as possible!
The steam dragon is lightly wounded.
You are engulfed in a cloud of scalding steam.
The steam dragon is no longer moving slowly.
Aiming: Iceblast
Press: ? - help, Shift-Dir - straight line, f - steam dragon
Aim: a steam dragon (heavily wounded, very poisoned)
The mass of ice explodes!
The iceblast engulfs the steam dragon.
The steam dragon is severely wounded.
The steam dragon breathes steam at you. The ball of steam hits you!!
* * * LOW HITPOINT WARNING * * *
The steam dragon breathes steam at you. The ball of steam hits you!!
You die...

.####.....#####.###...#.#.###......###
#.#.#.# #.
)...........)................[......>#
#.#.#.###.
.##############.####..#...######.#####
#.#....... .# ....# ##.....# #.#
#.###.#### .# ......# #.##..######.#
#.....# .# ......[.# #..#.......#.#
####### .. ........# ##.#.#####.#.# ##
........# #.#.# #.#.# .T......# #.#.#
#.#.# ##. #.#.# #(#.# ####...z. #...#
#.#'##### ...'z..). ##..# ###.......#
.###.....(....z #..# #.........# D#
.........D. ##.# #.##......#
.###........... #.# #.##......#
..............? #># #.##......#
.##............ #.# #.##......#
#.....#........ #.###.........#
......# ......T#########@........#####
#.....# ........()..§§D§.........#
#####.# .............###.........#
#.#..............# #.........#
#.#........#####.# #.........#
#.#........# #.###.........#
#.#........# #....##########
#.#........# ####.# #.#........#
#.#### ###.#........# #....#
#............# ####.# #.#.#........#
######.# #.#.#........# #......#
#.#.#...[....# #.###..#
###.#.###'###### #.# #..# ....#.# #.#
#.# #..# #####.# #.# #.# .(.# #.#
#.###########.#.#.##
#......)....).#.#..


You could see a steam dragon (very poisoned, catching breath).

Vanquished Creatures
  A wyvern (D:6)
  Sigmund (D:6)
  A steam dragon (D:7)
  A sky beast (D:6)
  2 ogres
  A centaur (D:6)
  Blork the orc (D:4)
  2 bullfrogs
  A water moccasin zombie (D:7)
  A water moccasin skeleton (D:4)
  5 wights (D:7)
  A howler monkey (D:6)
  A hound (D:4)
  2 jellies
  An iron imp (D:5)
  Jessica (D:3)
  3 iguanas
  Terence (D:2)
  An orc wizard (D:4)
  A killer bee zombie (D:5)
  3 gnolls (D:4)
  5 adders
  A shadow imp (D:4)
  An adder skeleton (D:5)
  2 worms
  2 dart slugs
  3 orcs
  7 bats
  7 endoplasms
  2 giant cockroaches
  12 goblins
  2 hobgoblins (D:1)
  4 jackals (D:1)
  A quokka (D:5)
  5 ball pythons
  4 frilled lizards
  5 kobolds
  3 rats
98 creatures vanquished.

Vanquished Creatures (others)
  A fungus (D:6)
1 creature vanquished.

Grand Total: 99 creatures vanquished

Notes
Turn   | Place    | Note
-------+----------+-------------------------------------------
     0 | D:1      | petzl the Octopode Arcane Marksman began the quest for the
                  | Orb.
     0 | D:1      | Reached XP level 1. HP: 13/13 MP: 2/2
   145 | D:1      | Reached XP level 2. HP: 18/18 MP: 3/3
   305 | D:1      | Reached skill level 1 in Stealth
   314 | D:1      | Found a faded altar of an unknown god.
  1015 | D:2      | Reached XP level 3. HP: 23/23 MP: 5/5
  1208 | D:2      | Noticed Terence
  1886 | D:3      | Reached skill level 2 in Stealth
  2157 | D:3      | Reached XP level 4. HP: 29/29 MP: 6/6
  2281 | D:3      | Found a runed translucent door.
  2286 | D:3      | Noticed timneilson's ghost (amateur OgFi)
  2400 | D:3      | Found a runed translucent door.
  2579 | D:3      | Noticed Jessica
  2583 | D:3      | Killed Jessica
  2624 | D:2      | Killed Terence
  2864 | D:2      | Reached XP level 5. HP: 34/34 MP: 8/8
  3364 | D:4      | Reached skill level 3 in Stealth
  3595 | D:4      | Found a sparkling altar of Nemelex Xobeh.
  3635 | D:4      | Found a staircase to the Ecumenical Temple.
  3639 | D:4      | Noticed an ogre
  3642 | Temple   | Entered the Ecumenical Temple
  3647 | Temple   | Became a worshipper of Vehumet
  3902 | D:4      | Noticed Blork the orc
  3914 | D:4      | Reached XP level 6. HP: 36/41 MP: 9/9
  3973 | D:4      | Killed Blork the orc
  5011 | D:4      | Reached skill level 4 in Stealth
  5448 | D:4      | Reached XP level 7. HP: 46/46 MP: 11/11
  5463 | D:5      | Entered Level 5 of the Dungeon
  5494 | D:5      | Found a burning altar of Makhleb.
  6179 | D:5      | Learned a level 1 spell: Shock
  6413 | D:5      | Found a snail-covered altar of Cheibriados.
  6481 | D:6      | Found a shimmering altar of Xom.
  6490 | D:6      | Noticed Sigmund
  6518 | D:6      | Reached skill level 1 in Shields
  6739 | D:6      | Reached skill level 1 in Conjurations
  6749 | D:6      | Reached skill level 1 in Evocations
  6849 | D:5      | Reached skill level 1 in Ice Magic
  6849 | D:5      | Reached XP level 8. HP: 41/52 MP: 10/12
  6914 | D:6      | Reached skill level 1 in Air Magic
  6917 | D:6      | Found a hide-covered altar of Uskayaw.
  7139 | D:6      | Noticed a wyvern
  7150 | D:6      | Killed a wyvern
  7151 | D:6      | Reached skill level 5 in Stealth
  7485 | D:6      | Killed Sigmund
  7668 | D:6      | Identified the +4 long sword of the Shrike {vorpal, rF+
                  | rCorr Int+4 Dex+4}
  8145 | D:7      | Noticed a troll
  8200 | D:7      | Reached * piety under Vehumet
  8200 | D:7      | Offered knowledge of Sandblast by Vehumet.
  8425 | D:7      | Reached skill level 6 in Stealth
  8698 | D:7      | Reached XP level 9. HP: 22/58 MP: 14/14
  9080 | D:7      | Killed from afar by a steam dragon

Illustrated notes

Levels and vault maps discovered:
D:1:      saegor_arrival_simple_a, layout_loops_corners,
          hellmonk_ecumenical_altar_arch_garden
D:2:      layout_loops_cross, uniq_terence
D:3:      layout_basic, ebering_ghost_sewer_f, uniq_jessica
D:4:      layout_loops_corners, nemelex_xobeh_ov_fountains_minmay,
          nicolae_overflow_hidden_temple, minmay_temple_entry_purple_smoke,
          serial_rivers, chequers_serial_rivers_micro_c,
          chequers_serial_rivers_large_b, chequers_serial_rivers_small_3,
          chequers_serial_rivers_micro_b, chequers_serial_rivers_room_a,
          minmay_misc_feat_iff, minmay_crystal_water, dk_vineyard_2,
          chequers_garden, minmay_misc_feat_tiny, grunt_ministairs_10,
          uniq_blork_the_orc
D:5:      layout_loops_corners, chei_slow_surprise,
          mainiacjoe_overflow_cross_hatched
D:6:      layout_basic, old_standard_altar, mainiacjoe_overflow_boulevard,
          uniq_sigmund
D:7:      layout_basic
D:8:      layout_basic, ebering_ghost_inner_flame, st_stairs_7,
          hellmonk_guarded_unrand_vines
Temple:   cyrus_circular_temple

Skill      XL: |  1  2  3  4  5  6  7  8 |
---------------+-------------------------+-----
Stealth        | 1 2 3 4 6 |  6.4
Fighting       | 2 3 4 |  4.1
Spellcasting   | 2 3 |  3.8
Crossbows      | 3 4 |  4.0
Dodging        | 3 4 |  4.0
Shields        | 1 3 |  3.4
Conjurations   | 1 3 |  3.2
Evocations     | 1 2 |  2.4
Ice Magic      | 1 2 |  2.2
Air Magic      | 2 |  2.1
Hexes          | |  3.0

Action                   |  1- 3 |  4- 6 |  7- 9 || total
-------------------------+-------+-------+-------++-------
Melee: Short sword       |    31 |     2 |       ||    33
       Constrict         |     9 |    13 |    13 ||    35
       Tentacles         |     5 |    12 |    15 ||    32
       Dagger            |       |    57 |    49 ||   106
       Flail             |       |       |     5 ||     5
       Long sword        |       |       |    18 ||    18
 Fire: Hand crossbow     |    70 |    47 |    41 ||   158
 Cast: Slow              |     4 |    11 |    34 ||    49
Evoke: Wand              |       |       |     5 ||     5
  Use: Scroll            |       |       |    13 ||    13
       Potion            |       |       |     1 ||     1
 Stab: Sleeping          |     3 |     5 |       ||     8
       Paralysed         |       |       |     2 ||     2
       Distracted        |       |       |     1 ||     1
Armor: Skin              |     5 |     4 |     4 ||    13
Dodge: Dodged            |    42 |    26 |    47 ||   115
Block: Buckler           |       |       |    15 ||    15

Table legend: (Time is in decaauts)
 A = Elapsed time spent in this place.
 B = Non-inter-level travel time spent in this place.
 C = Inter-level travel time spent in this place.
 D = Time resting spent in this place.
 E = Time spent auto-exploring this place.
 F = Levels seen in this place.
 G = Mean time per level.
                   A        B        C        D        E       F      G
               +--------+--------+--------+--------+--------+-----+--------+
         Total |   9136 |   8448 |    688 |   2398 |   4294 |   9 | 1015.1 |
       Dungeon |   9125 |   8446 |    679 |   2398 |   4294 |   8 | 1140.6 |
        Temple |     10 |      1 |      9 |      0 |      0 |   1 |   10.0 |
               +--------+--------+--------+--------+--------+-----+--------+

Top non-repeatable levels by time:
     D:4: 1981 daAuts
     D:3: 1698 daAuts
     D:5: 1312 daAuts
     D:6: 1254 daAuts
     D:7: 1056 daAuts
     D:1: 1018 daAuts
     D:2: 789 daAuts
     D:8: 15 daAuts
  Temple: 10 daAuts
